 Dungeon Crawl Stone Soup version 0.23.2-1-ga50397a6bc (webtiles) character file.

Game seed: 2220655519909452793

380 NochnoyZador the Cudgeler (level 6, 0/47 HPs)
             Began as a Demonspawn Fighter on May 12, 2019.
             Was a Follower of Ashenzari.
             Slain by a gnoll (4 damage)
             ... on level 3 of the Dungeon.
             The game lasted 00:11:57 (4205 turns).

NochnoyZador the Cudgeler (Demonspawn Fighter)      Turns: 4205, Time: 00:11:58

Health: 0/47       AC:  6    Str: 19    XL:     6   Next: 46%
Magic:  6/6        EV:  9    Int:  9    God:    Ashenzari [*.....]
Gold:   106        SH:  4    Dex: 12    Spells: 5/5 levels left

rFire    . . .     SeeInvis +   j - +0 mace (curse)
rCold    . . .     Gourm    .   h - +0 buckler
rNeg     . . .     Faith    .   b - +0 scale mail
rPois    .         Spirit   .   (helmet restricted)
rElec    .         Reflect  .   (no cloak)
rCorr    .         Harm     .   (no gloves)
MR       .....                  (no boots)
Stlth    ..........             (no amulet)
HPRegen  0.15/turn              e - ring of see invisible
MPRegen  0.10/turn              (no ring)

@: no status effects
A: horns 1, rot immunity
a: Curse Item, Scrying, Renounce Religion


You were on level 3 of the Dungeon.
You worshipped Ashenzari.
Ashenzari was aware of your devotion.
You were not hungry.

You visited 1 branch of the dungeon, and saw 3 of its levels.
You also visited: Sewer.

You collected 106 gold pieces.

Inventory:

Hand Weapons
 a - a +0 flail
 j - a cursed +0 mace (weapon)
Missiles
 p - 127 stones (quivered)
Armour
 b - a +0 scale mail (worn)
 c - a +0 shield
 h - a +0 buckler (worn)
Jewellery
 e - a ring of see invisible (left hand)
 t - an uncursed ring of wizardry
Scrolls
 i - a scroll of noise {unknown}
 k - 6 scrolls of teleportation
 l - a scroll of random uselessness {unknown}
 m - 2 scrolls of immolation {unknown}
 n - a scroll of amnesia {unknown}
 o - a scroll of remove curse
 q - 3 scrolls of identify {unknown}
 w - a scroll of blinking {unknown}
Potions
 d - 3 potions of might
 g - a potion of curing
 r - 2 potions of ambrosia {unknown}
 u - a potion of magic {unknown}
 v - 2 potions of heal wounds {unknown}
 x - a potion of brilliance {unknown}
Comestibles
 f - 10 rations
 s - 7 chunks of flesh


   Skills:
 - Level 3.0 Fighting
 + Level 6.3 Maces & Flails
 - Level 2.6 Armour
 - Level 2.6 Shields


You had 5 spell levels left.
You didn't know any spells.
Your spell library was empty.

Dungeon Overview and Level Annotations

Branches:
Dungeon (3/15)

Altars:
Ashenzari
Fedhas
Okawaru
Sif Muna


Innate Abilities, Weirdness & Mutations

You have a pair of small horns on your head.
You are immune to rotting.


Message History

You sock the gnoll!
You kill the gnoll!
You hit the gnoll but do no damage.
You headbutt the gnoll, but do no damage.
The gnoll hits you.
* * * LOW HITPOINT WARNING * * *
You hit the gnoll. Your headbutt misses the gnoll.
The gnoll is lightly wounded.
The gnoll hits you but does no damage.
You hit the gnoll.
The gnoll is moderately wounded.
The gnoll hits you.
* * * LOW HITPOINT WARNING * * *
You hit the gnoll but do no damage.
The gnoll is moderately wounded.
You block the gnoll's attack. The gnoll closely misses you.
You barely miss the gnoll.
The gnoll is lightly wounded.
The gnoll hits you.
You die...

### #..
################.#
#.................
#.################
#.# # #####.# ##.
##...#@#
..##g.8.#g#
#..#).o#.#
#.#...#)# #'.8.')#
#..#..)### #..
#...# #.. #'.8.#
'. ##...#


You could see a gnoll.

Vanquished Creatures
  3 orc wizards (D:3)
  A worker ant (D:3)
  2 gnolls (D:3)
  8 adders
  4 river rats
  An ooze (D:3)
  5 worms
  2 dart slugs (D:3)
  A leopard gecko (D:1)
  4 orcs (D:3)
  3 giant cockroaches
  9 hobgoblins
  16 jackals
  2 quokkas (D:3)
  3 ball pythons (Sewer)
  6 bats
  11 frilled lizards
  14 goblins
  8 kobolds
  21 rats
124 creatures vanquished.

Notes
Turn   | Place    | Note
-------+----------+-------------------------------------------
     0 | D:1      | NochnoyZador the Demonspawn Fighter began the quest for the
                  | Orb.
     0 | D:1      | Reached XP level 1. HP: 18/18 MP: 1/1
     9 | D:1      | Reached skill level 2 in Maces & Flails
   300 | D:1      | Gained mutation: You have a pair of small horns on your
                  | head. [demonic ancestry]
   300 | D:1      | Reached XP level 2. HP: 24/24 MP: 2/2
   601 | D:1      | Reached skill level 3 in Maces & Flails
   720 | D:1      | Reached XP level 3. HP: 28/29 MP: 3/3
   944 | D:2      | Found a shattered altar of Ashenzari.
   947 | D:2      | Became a worshipper of Ashenzari the Shackled
  1319 | D:2      | Found a deep blue altar of Sif Muna.
  1319 | D:2      | Found a blossoming altar of Fedhas.
  1371 | D:2      | Reached skill level 4 in Maces & Flails
  1371 | D:2      | Reached XP level 4. HP: 26/35 MP: 4/4
  2023 | D:2      | Found an iron altar of Okawaru.
  2241 | D:3      | Reached * piety under Ashenzari
  2310 | D:3      | Gained mutation: You are immune to rotting. [demonic
                  | ancestry]
  2310 | D:3      | Reached XP level 5. HP: 24/41 MP: 5/5
  2457 | D:3      | Found a glowing drain.
  2489 | D:3      | Reached skill level 5 in Maces & Flails
  2521 | Sewer    | Entered a sewer
  3369 | D:3      | Noticed a phantom
  3789 | D:3      | Reached XP level 6. HP: 29/47 MP: 6/6
  3791 | D:3      | Reached skill level 6 in Maces & Flails
  4205 | D:3      | Slain by a gnoll

Skill      XL: |  1  2  3  4  5  6 |
---------------+-------------------+-----
Maces & Flails | 2 3 4 5 6 |  6.3
Fighting       | |  3.0
Armour         | |  2.6
Shields        | |  2.6

Action                   |  1- 3 |  4- 6 || total
-------------------------+-------+-------++-------
Melee: Flail             |    81 |       ||    81
       Headbutt          |    13 |    51 ||    64
       Mace              |    57 |   298 ||   355
Throw: Stone             |       |     8 ||     8
  Use: Potion            |       |     3 ||     3
       Scroll            |       |     2 ||     2
 Stab: Distracted        |       |     1 ||     1
  Eat: Chunk             |     2 |     9 ||    11
Armor: Scale mail        |   100 |    98 ||   198
Dodge: Dodged            |    62 |   129 ||   191
Block: Shield            |    20 |       ||    20
       Buckler           |    39 |    66 ||   105
